 Dungeon Crawl Stone Soup version 0.30-a0-1164-ge08a67761e (webtiles) character file.

Game seed: 233508950975211417

19603 mdonais the Fighter (level 12, -3/105 HPs)
             Began as an Octopode Transmuter on Apr 28, 2023.
             Was a Follower of Uskayaw.
             Slain by a two-headed ogre
             ... wielding a +0 giant club
              (14 damage)
             ... on level 1 of the Orcish Mines on Apr 30, 2023.
             The game lasted 01:24:43 (19945 turns).

mdonais the Fighter (Octopode Transmuter)          Turns: 19945, Time: 01:24:44

Health: -3/105     AC:  7    Str: 16    XL:     12   Next: 70%
Magic:  17/20      EV: 13    Int: 16    God:    Uskayaw [*.....]
Gold:   868        SH:  0    Dex: 16    Spells: 5/21 levels left

rFire   x .          .
                       - Unarmed
rCold   + + +        G - melded +2 buckler
rNeg    . . .        (helmet currently unavailable)
rPois   +            (no amulet)
rElec   .            c - ring of protection from cold
rCorr   .            x - +6 ring of strength
SInv    .            R - ring of protection from cold
Will    .....        (no ring)
Stlth   ++++         (no ring)
HPRegen 0.37/turn    (no ring)
MPRegen 0.17/turn    (no ring)
                     (no ring)

%: no passive effects
@: ice-form, studying Necromancy
A: freezing attack, boosted hp, almost no armour, amphibious, 8 rings, large,
(camouflage 1), (gelatinous body 1), (nimble swimmer 1), (tentacles)
a: End Transformation, Renounce Religion, Stomp


You were on level 1 of the Orcish Mines.
You worshipped Uskayaw.
Uskayaw was noncommittal.
You were a creature of crystalline ice.
You visited 4 branches of the dungeon, and saw 17 of its levels.

You collected 1180 gold pieces.
You spent 312 gold pieces at shops.

Inventory:

Hand Weapons
 b - a +2 sling of draining
   (You took it off a goblin on level 3 of the Dungeon)
 d - a +1 short sword of venom
   (You took it off a kobold brigand on level 4 of the Dungeon)
 w - a +2 rapier of flaming
   (You found it on level 5 of the Dungeon)
 z - the +2 quarterstaff of Duty {flame, +Blink rF+++ rCorr Str-4}
   (You found it on level 2 of the Lair of Beasts)

   Str:       It affects your strength (-4).
   rF:        It renders you almost immune to fire.
   +Blink:    It lets you blink.
   rCorr:     It protects you from acid and corrosion.
 D - a +2 dagger
   (You took it off a wight on level 7 of the Dungeon)
 O - the +8 hand axe of Disembowelment {heavy, *Noise rPois Stlth+}
   (You found it on level 9 of the Dungeon)

   rPois:     It protects you from poison.
   *Noise:    It may make noises in combat.
   Stlth:     It makes you more stealthy.
 S - a +2 scimitar of flaming
   (You took it off Erica on level 2 of the Lair of Beasts)
Missiles
 t - 12 boomerangs
 u - 4 silver boomerangs (quivered)
 v - 8 javelins
 y - 16 poisoned darts
 F - 2 curare-tipped darts
Armour
 G - a +2 buckler (melded)
   (You took it off Amaemon on level 8 of the Dungeon)
 T - an orb of guile
   (You found it on level 2 of the Lair of Beasts)
Magical Staves
 g - a staff of poison
   (You found it on level 1 of the Dungeon)
Jewellery
 c - a ring of protection from cold (left front paw)
   (You took it off an orc on level 3 of the Dungeon)
 x - a +6 ring of strength (right front paw)
   (You found it on level 2 of the Lair of Beasts)
 L - a ring of ice
   (You found it on level 9 of the Dungeon)
 R - a ring of protection from cold (on tentacle)
   (You found it on level 3 of the Lair of Beasts)
Wands
 E - a wand of charming (9)
   (You found it on level 8 of the Dungeon)
 I - a wand of iceblast (10)
   (You found it on level 6 of the Dungeon)
 V - a wand of flame (20)
   (You found it on level 7 of the Dungeon)
Scrolls
 h - 6 scrolls of amnesia
 i - a scroll of enchant weapon {unknown}
 j - 4 scrolls of fear
 l - a scroll of butterflies
 m - a scroll of silence {unknown}
 n - a scroll of teleportation {unknown}
 q - 3 scrolls of vulnerability
 s - a scroll of brand weapon
 B - a scroll of blinking
 J - 2 scrolls of noise
 K - 2 scrolls of fog
 M - 4 scrolls of magic mapping
 N - 3 scrolls of torment
 P - a scroll of poison {unknown}
Potions
 a - 2 potions of attraction
 e - 4 potions of resistance
 f - 2 potions of brilliance {unknown}
 k - 2 potions of lignification
 o - a potion of cancellation
 p - 4 potions of mutation
 r - 2 potions of heal wounds
 A - a potion of magic
 C - 4 potions of might {unknown}
 H - 3 potions of haste
 Q - 5 potions of curing
Miscellaneous
 X - a box of beasts
   (You found it on level 1 of the Lair of Beasts)


   Skills:
 + Level 10.4 Fighting
 + Level 7.7 Dodging
 - Level 7.0 Stealth
 - Level 5.0 Shields
 - Level 10.0 Unarmed Combat
 - Level 5.3 Spellcasting
 - Level 3.0 Conjurations
 - Level 8.2 Transmutations
 * Level 1.9 Ice Magic
 - Level 3.0 Air Magic
 - Level 4.1 Poison Magic


You had 5 spell levels left.
You knew the following spells:

 Your Spells              Type           Power      Damage    Failure   Level
a - Ice Form              Ice/Tmut       20%        N/A       19%         4
b - Spider Form           Tmut/Pois      24%        N/A       3%          3
c - Mephitic Cloud        Conj/Pois/Air  15%        N/A       11%         3
d - Blade Hands           Tmut           15%        N/A       14%         5
e - Beastly Appendage     Tmut           60%        N/A       1%          1

Your spell library contained the following spells:

 Spells                   Type           Power      Damage    Failure   Level
 Wereblood                Tmut           30%        N/A       1%          2
 Magic Dart               Conj           52%        1d5       4%          1
 Ozocubu's Armour         Ice            10%        N/A       21%         3
 Call Imp                 Summ           8%         N/A       22%         2
 Lesser Beckoning         Tloc           8%         N/A       22%         2
 Sublimation of Blood     Necr           4%         N/A       22%         2
 Irradiate                Conj/Tmut      11%        3d15      38%         5
 Gell's Gravitas          Tloc           4%         N/A       41%         3
 Teleport Other           Tloc           4%         N/A       41%         3
 Metabolic Englaciation   Hex/Ice        3%         N/A       95%         5
 Dragon Form              Tmut           15%        N/A       99%         7
 Simulacrum               Ice/Necr       3%         N/A       100%        6
 Summon Hydra             Summ           2%         N/A       100%        7


Dungeon Overview and Level Annotations

Branches:
Dungeon (11/15) Zot: 25485  Temple (1/1) D:6 Zot: 5926    Lair (3/5) D:10 Zot: 13217
  Swamp (0/4) Lair:3        Snake (0/4) Lair:2          Orc (2/2) D:11 Zot: 11614
    Elf: Orc:2

Altars:
Ashenzari
Cheibriados
Dithmenos
Elyvilon
Fedhas
Gozag
Hepliaklqana
Kikubaaqudgha
Makhleb
Nemelex Xobeh
Okawaru
Qazlal
Ru
Sif Muna
Trog
Uskayaw
Vehumet
Wu Jian
Xom
Yredelemnul
Zin
The Shining One

Shops:
D:5 !

Annotations:
D:8 orange demon
Lair:2 2 transporters, rinse's ghost, adept DrCj
Lair:3 exclusion: boulder beetle


Innate Abilities, Weirdness & Mutations

You are a creature of crystalline ice.
You have a powerful freezing melee attack.
Your maximum health is increased.
Your armour is entirely melded.
You are incapable of wielding weapons or throwing items.
You cannot wear most types of armour.
You are amphibious.
You can wear up to eight rings at the same time.
((Your skin changes colour to match your surroundings (Stealth+).))
((Your rubbery body absorbs attacks. (AC +1, EV +1)))
((You are camouflaged when in or above water. (Stealth+)))
((You have tentacles for arms and can constrict up to eight enemies at once.))


Message History

HP restored.
Health restored: 88
Casting: Ice Form (dangerous; 24% risk of failure)
Confirm with . or Enter, or press ? or * to list all spells.
You turn into a creature of crystalline ice.
Your +2 buckler melds into your body.
You now have 105/105 hp.
You climb downwards.
Welcome back to the Orcish Mines!
There is a staircase back to the Dungeon, spattered with blood here.
No target in view!
No target in view!
No target in view!
Things that are here:
a +0 club; an orc corpse You now have 557 gold pieces (gained 5).
Items here: ))) [ †.
Things that are here:
a +0 club; an orc corpse You now have 583 gold pieces (gained 26).
Things that are here:
a +0 giant club; a +0 giant club; an ogre skeleton You now have 612 gold pieces (gained 29).
Items here: ))) [[[.
Items here: $ )) [.
There is a staircase back to the Dungeon, spattered with blood here.
The orc wizard misses you.
Things that are here:
a +0 club; an orc corpse You punch the orc wizard!
You freeze the orc wizard.
The orc wizard is severely wounded.
The orc wizard hits you but does no damage.
You punch the orc wizard! You freeze the orc wizard.
You kill the orc wizard!
No target in view!
You now have 630 gold pieces (gained 18).
Items here: )))) [[ †.
MP restored: 20 You now have 640 gold pieces (gained 10).
Found 15 gold pieces.
You now have 690 gold pieces (gained 50).
Things that are here:
a +0 club; an orc corpse
There is a stone staircase leading down, spattered with blood here.
Items here: )) [[.
Things that are here:
a +0 flail; a +0 flail You now have 721 gold pieces (gained 31).
You now have 731 gold pieces (gained 10).
Things that are here:
a +0 robe; a +0 dagger You now have 763 gold pieces (gained 32).
Things that are here:
a +0 chain mail; a +0 trident; a +0 arbalest
Items here: ))) [[[.
You now have 777 gold pieces (gained 14).
Your transformation is almost over.
You now have 789 gold pieces (gained 12).
You now have 810 gold pieces (gained 21).
You warm up again.
Your +2 buckler unmelds from your body.
You now have 88/88 hp.
Items here: ))) [[[.
There is a staircase back to the Dungeon, spattered with blood here.
You now have 836 gold pieces (gained 26).
You now have 851 gold pieces (gained 15).
You now have 868 gold pieces (gained 17).
You enter the shallow water.
Found a shimmering blue altar of Sif Muna.
Casting: Ice Form (dangerous; 24% risk of failure)
Confirm with . or Enter, or press ? or * to list all spells.
You turn into a creature of crystalline ice.
Your +2 buckler melds into your body.
You now have 105/105 hp.
You enter the shallow water.
The orc wizard shouts!
Something unseen opens the door.
The orc wizard shouts!
The orc wizard closely misses you.
You punch the orc wizard! You freeze the orc wizard!
You kill the orc wizard!
You punch the orc wizard! You freeze the orc wizard!
You kill the orc wizard!
The orc wizard gestures at you while chanting.
The puff of flame hits you but does no damage.
You can now pass through a line of other dancers.
There is an open door, spattered with blood here.
Items here: )) [[ ††.
You pummel the orc wizard!! You freeze the orc wizard!
You kill the orc wizard!
No target in view!
No target in view!
Things that are here:
a +0 dagger; a +0 robe
There is a shimmering blue altar of Sif Muna here.
Magic restored.
Things that are here:
a +0 dagger; a +0 robe
There is an open door, spattered with blood here.
Items here: )) [[ ††.
You enter the shallow water.
Your transformation is almost over.
You enter the deep water.
HP restored.
You warm up again.
Your +2 buckler unmelds from your body.
You enter the shallow water.
Done exploring.
You now have 88/88 hp.
Done exploring.
Done exploring.
Search for what [Enter for "."]? .
(D) Dungeon (T) Temple (L) Lair (S) Swamp (P) Snake Pit (O) Orcish Mines
Where to? (Enter - Orc:1, ? - help)
There is a stone staircase leading down, spattered with blood here.
Items here: )) [[.
You climb downwards.
The two-headed ogre shouts in stereo! x2; The ogre mage shouts!
The ogre shouts!
Found 35 gold pieces.
There is a stone staircase leading up here.
There are monsters nearby!
Casting: Ice Form (dangerous; 24% risk of failure)
Confirm with . or Enter, or press ? or * to list all spells.
You turn into a creature of crystalline ice.
Your +2 buckler melds into your body.
The teleport trap disappears.
The two-headed ogre disappears!
The ogre mage hits you from afar with a +0 spear!
You now have 96/105 hp.
You pummel the ogre!! You freeze the ogre.
You kill the ogre!
The ogre mage hits you but does no damage.
The two-headed ogre hits you with a +0 giant club!
The two-headed ogre misses you.
The two-headed ogre hits you with a +0 giant spiked club!!
The two-headed ogre hits you with a +0 giant club!
You climb upwards.
There is a stone staircase leading down, spattered with blood here.
Items here: )) [[.
You take 46 damage, and have 50/105 hp.
MASSIVE DAMAGE!!
You are too injured to fight recklessly!
You are too injured to fight recklessly!
You hit the two-headed ogre. You freeze the two-headed ogre.
The two-headed ogre is lightly wounded.
The two-headed ogre hits you with a +0 giant spiked club!!
* * * LOW HITPOINT WARNING * * *
The two-headed ogre barely misses you.
The two-headed ogre hits you with a +0 giant club!
* * * LOW HITPOINT WARNING * * *
The two-headed ogre hits you with a +0 giant club!
You die...

#.......................##
##.......................##
#........................##
##...........>.........#.#.##
#......................#....###
##............[..............#.#
#...#.........#...........#.....
##.###.........)[[.......###.#.#
####.........OY<..[......#.####
####...#.....O..)....#......###
##.#............).[.............
#...###.........)...............
#####≈###.......................
##≈≈≈≈≈##......................
##≈≈≈≈≈≈≈##.....................
#≈≈....≈≈≈#.....................
##≈.####~~≈###..>................


You could see 2 two-headed ogres.

Vanquished Creatures
  Erica (Lair:2)
  A two-headed ogre (D:9)
  Amaemon (D:8)
  2 bog bodies (Lair:3)
  A lindwurm (Lair:3)
  A black mamba (Lair:1)
  5 cane toads
  2 kobold demonologists (D:10)
  3 komodo dragons
  A rime drake (Lair:3)
  A troll (D:10)
  13 blink frogs
  A hornet (D:9)
  A shadow (D:11)
  5 wyverns
  17 yaks
  A wraith (D:11)
  A basilisk (Lair:2)
  2 steam dragons
  A naga (Lair:2)
  8 water moccasins
  7 orc warriors
  2 sky beasts
  5 ice beasts
  3 ogres
  A black bear (D:3)
  6 wolves (Lair:2)
  2 centaurs
  A phantom (D:4)
  3 kobold brigands
  5 bullfrogs
  3 scorpions
  7 wights
  19 killer bees
  4 howler monkeys
  4 jellies
  A gnoll bouda (D:7)
  9 orc priests
  Crazy Yiuf (D:3)
  2 sleepcaps
  5 iguanas
  17 orc wizards
  Robin (D:3)
  3 gnolls (D:7)
  9 adders
  A shadow imp (D:5)
  A white imp (D:5)
  An ufetubus (D:6)
  A worm (D:3)
  The ghost of BlasphemerAmon the Sneak, a weakling DsDe of Nemelex Xobeh (D:4)
  3 dart slugs
  32 orcs
  7 ball pythons
  4 bats
  6 endoplasms
  8 giant cockroaches
  21 goblins
  6 hobgoblins
  2 quokkas
  3 frilled lizards
  10 kobolds
  6 rats
302 creatures vanquished.

Vanquished Creatures (collateral kills)
  A killer bee (D:9)
1 creature vanquished.

Vanquished Creatures (others)
  An orc warrior (D:9)
  An ogre (Orc:1)
  4 orcs
  13 fungi
  33 plants
52 creatures vanquished.

Grand Total: 355 creatures vanquished

Notes
Turn   | Place    | Note
-------+----------+-------------------------------------------
     0 | D:1      | mdonais the Octopode Transmuter began the quest for the
                  | Orb.
     0 | D:1      | Reached XP level 1. HP: 13/13 MP: 3/3
    33 | D:1      | Reached skill level 1 in Stealth
   218 | D:1      | Reached XP level 2. HP: 18/18 MP: 5/5
   878 | D:2      | Reached XP level 3. HP: 23/23 MP: 4/6
   882 | D:2      | Learned a level 3 spell: Spider Form
  1643 | D:2      | Reached XP level 4. HP: 30/30 MP: 7/7
  2197 | D:3      | Found a shimmering blue altar of Sif Muna.
  2199 | D:3      | Found a basalt altar of Yredelemnul.
  2205 | D:3      | Found a shimmering altar of Xom.
  2209 | D:3      | Found a burning altar of Makhleb.
  2212 | D:3      | Found a blossoming altar of Fedhas.
  2213 | D:3      | Found a broken altar of Ashenzari.
  2219 | D:3      | Found a bloodstained altar of Trog.
  2220 | D:3      | Found a glowing golden altar of the Shining One.
  2481 | D:3      | Found a runed translucent door.
  2482 | D:3      | Noticed Crazy Yiuf
  2569 | D:3      | Noticed Robin
  2618 | D:3      | Reached skill level 1 in Poison Magic
  2710 | D:3      | Killed Robin
  2711 | D:3      | Reached XP level 5. HP: 30/36 MP: 8/8
  2906 | D:4      | Noticed a black bear
  2910 | D:4      | Noticed a kobold brigand
  2920 | D:3      | Killed a black bear
  2975 | D:3      | Killed a kobold brigand
  2976 | D:3      | Reached XP level 6. HP: 11/42 MP: 9/9
  3143 | D:3      | Killed Crazy Yiuf
  3800 | D:4      | Found a runed translucent door.
  3808 | D:4      | Noticed BlasphemerAmon's ghost (weakling DsDe)
  3836 | D:4      | Reached XP level 7. HP: 46/47 MP: 10/10
  3969 | D:4      | Killed BlasphemerAmon's ghost
  4174 | D:5      | Entered Level 5 of the Dungeon
  4349 | D:5      | Learned a level 3 spell: Mephitic Cloud
  4392 | D:5      | Found Guqau's Distillery.
  4436 | D:5      | Bought a potion of heal wounds for 60 gold pieces
  4436 | D:5      | Bought a potion of curing for 36 gold pieces
  4436 | D:5      | Bought a potion of haste for 120 gold pieces
  4762 | D:5      | Reached skill level 5 in Unarmed Combat
  4986 | D:6      | Reached skill level 5 in Fighting
  4993 | D:6      | Reached XP level 8. HP: 55/55 MP: 11/11
  5260 | D:6      | Found a staircase to the Ecumenical Temple.
  5269 | Temple   | Entered the Ecumenical Temple
  5335 | Temple   | Became a worshipper of Uskayaw the Reveller
  5423 | D:6      | Reached * piety under Uskayaw
  5428 | D:6      | Reached ** piety under Uskayaw
  5563 | D:6      | Found a stormy altar of Qazlal.
  6770 | D:7      | Found a sparkling altar of Nemelex Xobeh.
  7117 | D:7      | Reached XP level 9. HP: 55/63 MP: 12/12
  8183 | D:5      | Bought a potion of mutation for 96 gold pieces
  8240 | D:8      | Reached skill level 1 in Conjurations
  8240 | D:8      | Reached skill level 1 in Air Magic
  8331 | D:8      | Reached skill level 5 in Dodging
  9004 | D:8      | Noticed Amaemon
  9009 | D:8      | Noticed an orange demon
  9197 | D:7      | Found a sparkling altar of Nemelex Xobeh.
  9723 | D:8      | Reached *** piety under Uskayaw
  9845 | D:8      | Killed Amaemon
  9846 | D:8      | Reached XP level 10. HP: 23/73 MP: 10/14
 10146 | D:9      | Reached skill level 1 in Shields
 10179 | D:9      | Noticed a two-headed ogre
 10410 | D:9      | Reached **** piety under Uskayaw
 10416 | D:9      | Reached ***** piety under Uskayaw
 10417 | D:9      | Killed a two-headed ogre
 10625 | D:9      | Reached skill level 5 in Stealth
 11386 | D:9      | Identified the +8 hand axe of Disembowelment {heavy, *Noise
                  | rPois Stlth+}
 11509 | D:10     | Entered Level 10 of the Dungeon
 11725 | D:10     | Noticed a kobold demonologist
 11959 | D:10     | Reached skill level 5 in Shields
 11959 | D:10     | Reached XP level 11. HP: 54/80 MP: 1/15
 12662 | D:10     | Found a staircase to the Lair.
 13291 | D:11     | Found a staircase to the Orcish Mines.
 13429 | D:11     | Upgraded the game from 0.30-a0-1163-gf69bf04e7a to
                  | 0.30-a0-1164-ge08a67761e
 13879 | Orc:1    | Entered Level 1 of the Orcish Mines
 13977 | Lair:1   | Entered Level 1 of the Lair of Beasts
 14219 | Lair:1   | Reached skill level 10 in Fighting
 14576 | Lair:1   | Reached skill level 10 in Unarmed Combat
 14576 | Lair:1   | Reached skill level 5 in Spellcasting
 14923 | Lair:1   | Reached skill level 5 in Transmutations
 15078 | Lair:1   | Reached XP level 12. HP: 77/87 MP: 13/19
 15727 | Lair:2   | Learned a level 5 spell: Blade Hands
 15789 | Lair:2   | Noticed Erica
 15934 | Lair:2   | Found a staircase to the Snake Pit.
 15976 | Lair:2   | Identified the +2 quarterstaff of Duty {flame, +Blink rF+++
                  | rCorr Str-4}
 16633 | Lair:2   | Found a transporter.
 16638 | Lair:2   | Noticed rinse's ghost (adept DrCj)
 17092 | Lair:2   | Noticed a catoblepas
 17111 | Lair:2   | Found a transporter.
 17249 | Lair:3   | Noticed a boulder beetle
 17839 | Lair:3   | Found a staircase to the Swamp.
 18653 | Lair:2   | Killed Erica
 18741 | Lair:2   | Learned a level 4 spell: Ice Form
 19159 | Orc:1    | Reached skill level 1 in Ice Magic
 19757 | Orc:1    | Found a shimmering blue altar of Sif Muna.
 19939 | Orc:2    | Entered Level 2 of the Orcish Mines
 19939 | Orc:2    | Noticed an ogre mage
 19939 | Orc:2    | Noticed a two-headed ogre
 19939 | Orc:2    | Noticed a two-headed ogre
 19939 | Orc:2    | Noticed a two-headed ogre
 19939 | Orc:2    | Noticed a two-headed ogre
 19945 | Orc:1    | Slain by a two-headed ogre

Illustrated notes

Levels and vault maps discovered:
D:1:      lightli_iron_boxes, layout_loops_ring
D:2:      layout_basic, serial_bayou_lake_a
D:3:      layout_rooms, nicolae_overflow_hallway_of_the_gods,
          minmay_misc_feat_x, kennysheep_generic_room_13,
          uniq_crazy_yiuf_cottage, uniq_robin
D:4:      layout_cave_pools, ebering_ghost_reflecting_pool
D:5:      layout_cave_pools, serial_shops,
          nicolae_shop_temple_entry_statues_fountains, dk_vineyard_2
D:6:      layout_basic, kennysheep_little_box, minmay_temple_entry_poolview,
          minmay_crystal_room
D:7:      layout_gridville, mainiacjoe_overflow_tiny_flanked
D:8:      layout_gridville, kennysheep_generic_room_9, uniq_amaemon
D:9:      layout_stronghold, lemuel_flamethrower_2
D:10:     layout_basic, minmay_lair_entry_grove, grunt_ministairs_3
D:11:     layout_cave_pools, orc_0_dummy
Temple:   nicolae_temple_x_marks_the_god
Lair:1:   layout_chaotic_city, minivault_25, serial_bayou_shore_b,
          serial_bayou_shore_b
Lair:2:   layout_regular_city, guppyfry_snake_entry_island,
          gammafunk_ghost_berserking_beasts, grunt_megastairs_5,
          lemuel_fruit_fields, uniq_erica
Lair:3:   layout_cave_pods, skrybe_swamp_entry_bodies
Orc:1:    layout_caves, kennysheep_orc_sif_temple
Orc:2:    st_orc_mages, layout_diamond_mine, uniq_donald

Skill      XL: |  1  2  3  4  5  6  7  8  9 10 11 12 |
---------------+-------------------------------------+-----
Stealth        | 2 3 4 5 7 |  7.0
Fighting       | 2 3 5 6 8 9 10 | 10.4
Poison Magic   | 2 4 |  4.1
Transmutations | 3 5 8 |  8.2
Unarmed Combat | 5 6 8 10 | 10.0
Dodging        | 3 4 5 6 7 |  7.7
Conjurations   | 2 3 |  3.0
Air Magic      | 3 |  3.0
Spellcasting   | 3 5 |  5.3
Shields        | 5 |  5.0
Ice Magic      | 1 |  1.9

Action                     |  1- 3 |  4- 6 |  7- 9 | 10-12 || total
---------------------------+-------+-------+-------+-------++-------
  Melee: Unarmed           |    80 |       |   153 |   403 ||   636
         Constrict         |    20 |    18 |    13 |    37 ||    88
         Punch             |     5 |     3 |     4 |    11 ||    23
         Tentacles         |    16 |    13 |    19 |    52 ||   100
         Kick              |    12 |    19 |     3 |    16 ||    50
         Dagger            |    22 |    66 |       |     1 ||    89
         Short sword       |       |     2 |    50 |       ||    52
   Fire: Sling             |       |    27 |   141 |    29 ||   197
  Throw: Javelin           |       |     5 |       |       ||     5
         Dart              |       |     1 |     1 |     8 ||    10
         Boomerang         |       |       |       |     5 ||     5
   Cast: Beastly Appendage |    13 |    18 |     6 |     8 ||    45
         Spider Form       |       |       |    32 |    30 ||    62
         Mephitic Cloud    |       |       |     5 |    42 ||    47
         Blade Hands       |       |       |       |    11 ||    11
         Ice Form          |       |       |       |     9 ||     9
  Evoke: Wand              |       |       |       |     1 ||     1
    Use: Scroll            |       |     3 |     8 |     6 ||    17
         Potion            |       |     1 |     1 |     1 ||     3
   Stab: Sleeping          |    15 |     9 |       |     5 ||    29
         Confused          |       |       |     5 |    31 ||    36
         Paralysed         |       |       |     1 |    20 ||    21
         Distracted        |       |       |       |     2 ||     2
 Armour: Skin              |     9 |     6 |     5 |    12 ||    32
  Dodge: Dodged            |    54 |    42 |   140 |   266 ||   502
  Block: Buckler           |       |       |       |    28 ||    28

Table legend: (Time is in decaauts)
 A = Elapsed time spent in this place.
 B = Non-inter-level travel time spent in this place.
 C = Inter-level travel time spent in this place.
 D = Time resting spent in this place.
 E = Time spent auto-exploring this place.
 F = Levels seen in this place.
 G = Mean time per level.
                   A        B        C        D        E       F      G
               +--------+--------+--------+--------+--------+-----+--------+
         Total |  19946 |  18835 |   1111 |   4845 |   9771 |  17 | 1173.3 |
       Dungeon |  14705 |  13754 |    951 |   3184 |   7330 |  11 | 1336.8 |
        Temple |     73 |     66 |      7 |      0 |     46 |   1 |   73.0 |
          Lair |   4782 |   4648 |    134 |   1661 |   2195 |   3 | 1594.0 |
  Orcish Mines |    384 |    366 |     18 |      0 |    200 |   2 |  192.0 |
               +--------+--------+--------+--------+--------+-----+--------+

Top non-repeatable levels by time:
     D:7: 2280 daAuts
  Lair:1: 1921 daAuts
    D:10: 1679 daAuts
     D:9: 1592 daAuts
     D:3: 1490 daAuts
  Lair:2: 1477 daAuts
     D:6: 1466 daAuts
    D:11: 1392 daAuts
  Lair:3: 1384 daAuts
     D:8: 1282 daAuts
     D:2: 1047 daAuts
     D:1: 859 daAuts
     D:4: 854 daAuts
     D:5: 759 daAuts
   Orc:1: 380 daAuts
